 Dungeon Crawl Stone Soup version 0.28.0-45-g0d030f2227 (webtiles) character file.

Game seed: 11757621779844359956

32291 DearestLeader the Archer (level 13, 0/104 HPs)
             Began as a Gnoll Fighter on Apr 4, 2022.
             Was a High Priest of Okawaru.
             Succumbed to a black mamba's poison
             ... on level 5 of the Lair of Beasts.
             The game lasted 00:28:24 (21850 turns).

DearestLeader the Archer (Gnoll Fighter)           Turns: 21850, Time: 00:28:24

Health: 0/104      AC: 24    Str: 25    XL:     13   Next: 63%
Magic:  25/25      EV: 11    Int:  8    God:    Okawaru [*****.]
Gold:   1251       SH:  7    Dex: 16    Spells: 23/29 levels left

rFire   + + .      SeeInvis .   a - +1 war axe
rCold   + . .      Faith    .   c - +0 buckler
rNeg    . . .      Spirit   .   J - +0 plate armour
rPois   +          Reflect  .   H - +2 helmet
rElec   +          Harm     .   K - +0 cloak
rCorr   +          Rampage  .   r - +0 pair of gloves {Dex+3}
Will    .....                   p - +2 pair of boots {Fly}
Stlth   ..........              O - amulet of magic regeneration
HPRegen 0.27/turn               F - ring of protection from fire
MPRegen 0.59/turn               z - +6 ring of strength

@: lethally poisoned (0 -> -34), resistant, flying, studying Bows
A: fangs 1, strong nose, distributed training
a: Renounce Religion, Heroism, Finesse, Duel


You were on level 5 of the Lair of Beasts.
You worshipped Okawaru.
Okawaru was extremely pleased with you.
You visited 3 branches of the dungeon, and saw 16 of its levels.

You collected 1251 gold pieces.

Inventory:

Hand Weapons
 a - a +1 war axe (weapon)
 x - a +0 whip of freezing
Missiles
 M - 2 throwing nets (quivered)
 Q - 139 arrows
Armour
 c - a +0 buckler (worn)
 p - a +2 pair of boots of flying (worn)
 r - a +0 pair of gloves of dexterity (worn)
 H - a +2 helmet (worn)
 J - a +0 plate armour (worn)
 K - a +0 cloak (worn)
 N - +0 acid dragon scales
Jewellery
 n - a +6 ring of intelligence
 q - a ring of positive energy
 u - a +6 ring of dexterity
 z - a +6 ring of strength (right hand)
 F - a ring of protection from fire (left hand)
 L - a ring of protection from cold
 O - an amulet of magic regeneration (around neck)
 T - a ring of wizardry
Wands
 e - a wand of iceblast (2)
 w - a wand of paralysis (5)
 y - a wand of acid (5)
 I - a wand of flame (19)
 P - a wand of mindburst (1)
Scrolls
 d - 2 scrolls of fog
 f - a scroll of magic mapping {unknown}
 g - 4 scrolls of fear
 i - a scroll of noise {unknown}
 j - 5 scrolls of teleportation
 l - a scroll of holy word
 D - 2 scrolls of enchant weapon
 E - a scroll of blinking {unknown}
 G - 2 scrolls of amnesia
 S - a scroll of immolation {unknown}
Potions
 b - a potion of berserk rage {unknown}
 h - 2 potions of brilliance
 m - a potion of flight
 t - a potion of might
 v - 4 potions of lignification
 A - 3 potions of cancellation
 B - a potion of heal wounds {unknown}
 C - a potion of attraction {unknown}
 U - a potion of mutation {unknown}


   Skills:
 + Level 10.7 Fighting
 + Level 8.5 Short Blades
 + Level 8.5 Long Blades
 + Level 9.7 Axes
 + Level 8.5 Maces & Flails
 + Level 8.5 Polearms
 + Level 8.5 Staves
 + Level 8.5 Slings
 + Level 11.2 Bows
 + Level 8.5 Crossbows
 + Level 8.5 Throwing
 + Level 10.7 Armour
 + Level 8.5 Dodging
 + Level 8.5 Stealth
 + Level 10.7 Shields
 + Level 8.5 Unarmed Combat
 + Level 8.5 Spellcasting
 + Level 7.0 Conjurations
 + Level 7.0 Hexes
 + Level 7.0 Summonings
 + Level 7.0 Necromancy
 + Level 7.0 Translocations
 + Level 7.0 Transmutations
 + Level 7.0 Fire Magic
 + Level 7.0 Ice Magic
 + Level 7.0 Air Magic
 + Level 7.0 Earth Magic
 + Level 7.0 Poison Magic
 + Level 9.3 Invocations
 + Level 8.5 Evocations


You had 23 spell levels left.
You knew the following spells:

 Your Spells              Type           Power      Damage    Failure   Level
a - Vampiric Draining     Necr           14%        2d7       34%         3
b - Confusing Touch       Hex            14%        N/A       34%         3

Your spell library contained the following spells:

 Spells                   Type           Power      Damage    Failure   Level
 Slow                     Hex            56%        N/A       12%         1
 Fulminant Prism          Conj/Hex       7%         3d7       75%         4
 Iskenderun's Mystic Bla  Conj/Tloc      14%        2d5       75%         4
 Petrify                  Tmut/Erth      14%        N/A       75%         4
 Lee's Rapid Deconstruct  Erth           7%         3d7*      97%         5
 Metabolic Englaciation   Hex/Ice        7%         N/A       97%         5
 Statue Form              Tmut/Erth      9%         N/A       100%        6


Dungeon Overview and Level Annotations

Branches:
Dungeon (9/15)             Temple (1/1) D:6            Lair (6/6) D:8
 Shoals (0/4) Lair:2       Spider (0/4) Lair:2        Slime (0/5) Lair:5
    Orc: D:9-12

Altars:
Ashenzari
Cheibriados
Elyvilon
Fedhas
Hepliaklqana
Kikubaaqudgha
Makhleb
Nemelex Xobeh
Okawaru
Qazlal
Ru
Sif Muna
Uskayaw
Vehumet
Wu Jian
Xom
Zin
The Shining One

Annotations:
D:3 Sigmund


Innate Abilities, Weirdness & Mutations

You have very sharp teeth.
Your uncanny sense of smell can sniff out nearby items.
Your experience applies equally to all skills.


Message History

You feel sick. The black mamba barely misses you.
You feel sick.
The black mamba bites you but does no damage.
You feel sick.
You feel sick.
You are no longer poisoned.
The black mamba bites you.
* * * LOW HITPOINT WARNING * * *
The black mamba closely misses you.
The blink frog hits you but does no damage.
You block the black mamba's attack.
The black mamba bites you but does no damage.
The blink frog hits you but does no damage.
There is a stone staircase leading up here.
The black mamba bites you but does no damage.
You block the blink frog's attack.
The black mamba bites you but does no damage.
You fly upwards.
There is a stone staircase leading down here.
The black mamba closely misses you. The black mamba bites you.
* * * LOW HITPOINT WARNING * * *
You are poisoned.
The black mamba poisons you!
The blink frog blinks!
* * * LOW HITPOINT WARNING * * *
You feel very sick. The black mamba bites you.
* * * LOW HITPOINT WARNING * * *
You are lethally poisoned!
The black mamba poisons you!
You barely miss the black mamba.
The black mamba is lightly wounded.
* * * LOW HITPOINT WARNING * * *
You feel extremely sick. The black mamba closely misses you.
The black mamba bites you.
* * * LOW HITPOINT WARNING * * *
Unknown command.
It was a potion of resistance.
You feel protected.
You die...

.###..............#....#....#P...
............................P....
..#.#..........#.P..P..##.#......
...###........##.###P.#####......
####.........##### #### ####...
###..#....P..## #....
##.#.###.PPP.#.### #P...
#.#.##...P.#..#..# ##...
P..####.#..#####@##### #....
...###.#..#.# ##S.#.# #P...
....#####..## ##...## ##...
.....###...# #.>#.# ##...
....#.##.#.# ##...### #....
#.....##...# #..F..# ##....
###.##>.#### ###...####.....
#...##..### #.....#......
##....##..# #...........#


You could see a black mamba and a blink frog.

Vanquished Creatures
  Gastronok (Lair:1)
  The ghost of Fiha the Thaumaturge, a journeyman VSTm of Dithmenos (Lair:4)
  2 catoblepae
  6 hydras
  A boulder beetle (Lair:4)
  2 two-headed ogres
  A cyclops (D:8)
  A manticore (D:8)
  9 elephants
  A black mamba (Lair:3)
  9 cane toads
  An unseen horror (D:8)
  3 komodo dragons
  Maggie (Lair:1)
  6 rime drakes (Lair:3)
  A troll (D:8)
  6 dream sheep (Lair:6)
  3 blink frogs (Lair:5)
  A shadow (D:8)
  A wraith (D:6)
  4 wyverns
  9 steam dragons
  24 yaks
  2 basilisks
  An acid dragon (Lair:3)
  Duvessa (D:5)
  6 water moccasins
  6 orc warriors
  3 ice beasts
  A sky beast (D:5)
  4 necrophages (D:7)
  5 ogres
  11 wolves
  4 centaurs
  3 phantoms
  4 kobold brigands
  10 bullfrogs
  Dowan (D:5)
  4 killer bees (D:7)
  3 water moccasin skeletons
  4 wights (D:7)
  An electric eel (Lair:4)
  6 bullfrog zombies
  2 centaur zombies
  5 hounds
  A bullfrog skeleton (D:5)
  5 orc priests
  5 jellies
  Natasha (thrice) (D:4)
  4 iguanas
  4 orc wizards
  6 hell rats (Lair:5)
  3 mummies (D:7)
  7 adders
  A shadow imp (D:6)
  An ufetubus (D:6)
  3 dart slugs
  28 orcs
  3 bats (D:2)
  3 endoplasms
  2 giant cockroaches (D:4)
  3 goblins
  4 hobgoblins
  2 jackals (D:1)
  4 quokkas
  4 ball pythons
  A frilled lizard (D:2)
  14 kobolds
  3 rats
295 creatures vanquished.

Vanquished Creatures (others)
  2 rime drakes (Lair:3)
  An orc (D:7)
  45 fungi
  34 plants
  7 withered plants
89 creatures vanquished.

Grand Total: 384 creatures vanquished

Notes
Turn   | Place    | Note
-------+----------+-------------------------------------------
     0 | D:1      | DearestLeader the Gnoll Fighter began the quest for the
                  | Orb.
     0 | D:1      | Reached XP level 1. HP: 23/23 MP: 1/1
   299 | D:1      | Reached XP level 2. HP: 29/29 MP: 2/2
   437 | D:1      | Found a faded altar of an unknown god.
   998 | D:2      | Found a glowing golden altar of the Shining One.
  1077 | D:2      | Reached XP level 3. HP: 33/35 MP: 3/3
  1353 | D:2      | Reached skill level 1 in Invocations
  1793 | D:3      | Noticed Sigmund
  1919 | D:4      | Noticed a phantom
  1921 | D:4      | Noticed Natasha
  1928 | D:4      | Killed Natasha
  1929 | D:4      | Reached skill level 1 in Short Blades
  1929 | D:4      | Reached skill level 1 in Long Blades
  1929 | D:4      | Reached skill level 1 in Maces & Flails
  1929 | D:4      | Reached skill level 1 in Polearms
  1929 | D:4      | Reached skill level 1 in Staves
  1929 | D:4      | Reached skill level 1 in Slings
  1929 | D:4      | Reached skill level 1 in Bows
  1929 | D:4      | Reached skill level 1 in Crossbows
  1929 | D:4      | Reached skill level 1 in Throwing
  1929 | D:4      | Reached skill level 1 in Dodging
  1929 | D:4      | Reached skill level 1 in Stealth
  1929 | D:4      | Reached skill level 1 in Unarmed Combat
  1929 | D:4      | Reached skill level 1 in Spellcasting
  1929 | D:4      | Reached skill level 1 in Evocations
  1929 | D:4      | Reached XP level 4. HP: 27/41 MP: 5/5
  1937 | D:4      | Killed a phantom
  1938 | D:4      | Reached skill level 1 in Conjurations
  1938 | D:4      | Reached skill level 1 in Hexes
  1938 | D:4      | Reached skill level 1 in Summonings
  1938 | D:4      | Reached skill level 1 in Necromancy
  1938 | D:4      | Reached skill level 1 in Translocations
  1938 | D:4      | Reached skill level 1 in Transmutations
  1938 | D:4      | Reached skill level 1 in Fire Magic
  1938 | D:4      | Reached skill level 1 in Ice Magic
  1938 | D:4      | Reached skill level 1 in Air Magic
  1938 | D:4      | Reached skill level 1 in Earth Magic
  1938 | D:4      | Reached skill level 1 in Poison Magic
  1938 | D:4      | Reached XP level 5. HP: 20/47 MP: 5/7
  2128 | D:4      | Noticed Natasha
  2137 | D:4      | Killed Natasha
  2399 | D:4      | Noticed Natasha
  2414 | D:4      | Killed Natasha
  2415 | D:4      | Reached XP level 6. HP: 20/53 MP: 8/8
  2796 | D:4      | Reached skill level 5 in Axes
  2796 | D:4      | Reached skill level 2 in Bows
  3374 | D:5      | Entered Level 5 of the Dungeon
  3438 | D:5      | Noticed a sky beast
  3470 | D:5      | Reached XP level 7. HP: 38/59 MP: 10/10
  4227 | D:5      | Reached XP level 8. HP: 48/67 MP: 12/12
  4386 | D:5      | Reached skill level 3 in Bows
  4515 | D:5      | Noticed Duvessa
  4515 | D:5      | Noticed Dowan
  4530 | D:5      | Killed Duvessa
  4535 | D:5      | Killed Dowan
  5550 | D:6      | Noticed a wraith
  5573 | D:6      | Killed a wraith
  5742 | D:6      | Found a staircase to the Ecumenical Temple.
  5754 | Temple   | Entered the Ecumenical Temple
  6035 | Temple   | Became a worshipper of Warmaster Okawaru
  6321 | D:6      | Reached XP level 9. HP: 72/72 MP: 14/14
  6339 | D:6      | Reached * piety under Okawaru
  6461 | D:6      | Reached skill level 4 in Bows
  7104 | D:7      | Reached ** piety under Okawaru
  7322 | D:7      | Learned a level 3 spell: Vampiric Draining
  7326 | D:7      | Learned a level 3 spell: Confusing Touch
  7511 | D:7      | Reached skill level 5 in Bows
  7511 | D:7      | Reached skill level 5 in Invocations
  7866 | D:7      | Reached XP level 10. HP: 74/80 MP: 17/17
  8407 | D:7      | Reached *** piety under Okawaru
  8408 | D:7      | Reached skill level 5 in Short Blades
  8408 | D:7      | Reached skill level 5 in Long Blades
  8408 | D:7      | Reached skill level 5 in Maces & Flails
  8408 | D:7      | Reached skill level 5 in Polearms
  8408 | D:7      | Reached skill level 5 in Staves
  8408 | D:7      | Reached skill level 5 in Slings
  8408 | D:7      | Reached skill level 5 in Crossbows
  8408 | D:7      | Reached skill level 5 in Throwing
  8408 | D:7      | Reached skill level 5 in Dodging
  8408 | D:7      | Reached skill level 5 in Stealth
  8408 | D:7      | Reached skill level 5 in Unarmed Combat
  8408 | D:7      | Reached skill level 5 in Spellcasting
  8408 | D:7      | Reached skill level 5 in Evocations
  8957 | D:8      | Reached skill level 6 in Bows
  9361 | D:8      | Found a staircase to the Lair.
  9738 | D:8      | Found a white marble altar of Elyvilon.
  9988 | D:8      | Noticed a two-headed ogre
  9989 | D:8      | Noticed a cyclops
  9994 | D:8      | Killed a two-headed ogre
 10002 | D:8      | Killed a cyclops
 10002 | D:8      | Reached **** piety under Okawaru
 10003 | D:8      | Killed an unseen horror
 10297 | D:9      | Found a snail-covered altar of Cheibriados.
 10338 | D:9      | Noticed a two-headed ogre
 10348 | D:9      | HP: 3/82 [two-headed ogre/+0 giant club (13)]
 10350 | D:9      | Killed a two-headed ogre
 10351 | D:9      | Reached skill level 7 in Bows
 10822 | D:9      | Noticed a manticore
 10840 | D:8      | Reached XP level 11. HP: 77/87 MP: 19/19
 10848 | D:8      | Reached ***** piety under Okawaru
 10978 | D:8      | Killed a manticore
 10985 | D:8      | Reached skill level 5 in Conjurations
 10985 | D:8      | Reached skill level 5 in Hexes
 10985 | D:8      | Reached skill level 5 in Summonings
 10985 | D:8      | Reached skill level 5 in Necromancy
 10985 | D:8      | Reached skill level 5 in Translocations
 10985 | D:8      | Reached skill level 5 in Transmutations
 10985 | D:8      | Reached skill level 5 in Fire Magic
 10985 | D:8      | Reached skill level 5 in Ice Magic
 10985 | D:8      | Reached skill level 5 in Air Magic
 10985 | D:8      | Reached skill level 5 in Earth Magic
 10985 | D:8      | Reached skill level 5 in Poison Magic
 11118 | D:9      | Noticed a two-headed ogre
 11303 | Lair:1   | Entered Level 1 of the Lair of Beasts
 11347 | Lair:1   | Noticed Maggie
 11356 | Lair:1   | Killed Maggie
 11552 | Lair:1   | Noticed Gastronok
 11943 | Lair:1   | Identified the +1 leather armour of Cheibriados's Regard
                  | {rElec Will- rCorr}
 12260 | Lair:1   | Killed Gastronok
 12261 | Lair:1   | Reached skill level 8 in Bows
 12728 | Lair:2   | Found a hole to the Spider Nest.
 12829 | Lair:2   | Received a gift from Okawaru
 13141 | Lair:2   | Identified the +3 cloak "Kumeu" {Harm rPois} (Okawaru
                  | gifted it to you on level 2 of the Lair of Beasts)
 13141 | Lair:2   | Received a gift from Okawaru
 14137 | Lair:2   | Found a staircase to the Shoals.
 14194 | Lair:2   | Noticed a four-headed hydra
 14219 | Lair:2   | Killed a four-headed hydra
 14220 | Lair:2   | Reached XP level 12. HP: 72/96 MP: 19/22
 14685 | Lair:3   | Noticed a seven-headed hydra
 14693 | Lair:3   | Killed a seven-headed hydra
 14694 | Lair:3   | Reached skill level 9 in Bows
 14762 | Lair:3   | Noticed a catoblepas
 14977 | Lair:3   | Killed a catoblepas
 16100 | Lair:3   | Reached skill level 10 in Fighting
 16100 | Lair:3   | Reached skill level 10 in Armour
 16100 | Lair:3   | Reached skill level 10 in Shields
 16105 | Lair:3   | Received a gift from Okawaru
 16379 | Lair:3   | Received a gift from Okawaru
 16387 | Lair:3   | Reached skill level 10 in Bows
 17573 | Lair:4   | Found a runed translucent door.
 17574 | Lair:4   | Noticed Fiha's ghost (journeyman VSTm)
 17768 | Lair:4   | Noticed a boulder beetle
 18180 | Lair:4   | Killed a boulder beetle
 18232 | Lair:4   | Killed Fiha's ghost
 18233 | Lair:4   | Reached XP level 13. HP: 73/103 MP: 24/24
 18669 | Lair:5   | Received a gift from Okawaru
 19767 | Lair:5   | HP: 4/104 [blink frog (8)]
 20733 | Lair:5   | Found a staircase to the Slime Pits.
 20785 | Lair:5   | Reached skill level 11 in Bows
 21427 | Lair:6   | Entered Level 6 of the Lair of Beasts
 21572 | Lair:6   | HP: 1/104 [elephant (13)]
 21850 | Lair:5   | Succumbed to a black mamba's poison

Illustrated notes

Levels and vault maps discovered:
D:1:      dpeg_arrival_simpleton_c, layout_basic, basic_ecumenical_altar
D:2:      layout_loops_ring, basic_altar
D:3:      layout_basic, nicolae_elevator_lobby_plus, uniq_sigmund
D:4:      layout_loops_corners, uniq_natasha
D:5:      layout_basic, uniq_duvessa
D:6:      layout_basic, minmay_temple_entry_slanted, minmay_manual_monstrance
D:7:      layout_loops_ring, serial_undead, serial_undead_d, serial_undead_d,
          serial_undead_e, serial_undead_f, serial_undead_b, serial_undead_a
D:8:      layout_rooms, mainiacjoe_overflow_paths, lair_entry_dummy,
          minmay_radiant
D:9:      hangedman_cross_stitches, layout_irregular_city, cheibriados_altar_1
Temple:   mainiacjoe_temple_big_plus
Lair:1:   layout_regular_city, uniq_gastronok, uniq_maggie
Lair:2:   layout_concentric_octagons, elwin_shoals_entry_rooms,
          spider_nest_entry_web_field, chequers_serial_rivers_micro_c,
          eino_small_chamber_without_monster, small_statue_intersection,
          small_statue_intersection
Lair:3:   gammafunk_indiana_jones, layout_cellular_growth,
          bobbens_dragon_lair_wall
Lair:4:   layout_hall_layers, gammafunk_ghost_grave, infiniplex_staircase_pool,
          grunt_megastairs_4
Lair:5:   layout_hall_layers, minmay_slime_entry_pillars, st_stairs_7
Lair:6:   gammafunk_lair_ancient_temple, layout_small_grid, lookout_lair_type,
          kilobyte_rumbling_trees

Skill      XL: |  1  2  3  4  5  6  7  8  9 10 11 12 13 |
---------------+----------------------------------------+-----
Invocations    | 1 2 3 4 5 6 7 8 9 |  9.3
Short Blades   | 1 2 3 4 5 6 7 8 |  8.5
Long Blades    | 1 2 3 4 5 6 7 8 |  8.5
Maces & Flails | 1 2 3 4 5 6 7 8 |  8.5
Polearms       | 1 2 3 4 5 6 7 8 |  8.5
Staves         | 1 2 3 4 5 6 7 8 |  8.5
Slings         | 1 2 3 4 5 6 7 8 |  8.5
Bows           | 1 2 3 5 7 8 10 11 | 11.2
Crossbows      | 1 2 3 4 5 6 7 8 |  8.5
Throwing       | 1 2 3 4 5 6 7 8 |  8.5
Dodging        | 1 2 3 4 5 6 7 8 |  8.5
Stealth        | 1 2 3 4 5 6 7 8 |  8.5
Unarmed Combat | 1 2 3 4 5 6 7 8 |  8.5
Spellcasting   | 1 2 3 4 5 6 7 8 |  8.5
Evocations     | 1 2 3 4 5 6 7 8 |  8.5
Conjurations   | 1 2 3 4 5 6 7 |  7.0
Hexes          | 1 2 3 4 5 6 7 |  7.0
Summonings     | 1 2 3 4 5 6 7 |  7.0
Necromancy     | 1 2 3 4 5 6 7 |  7.0
Translocations | 1 2 3 4 5 6 7 |  7.0
Transmutations | 1 2 3 4 5 6 7 |  7.0
Fire Magic     | 1 2 3 4 5 6 7 |  7.0
Ice Magic      | 1 2 3 4 5 6 7 |  7.0
Air Magic      | 1 2 3 4 5 6 7 |  7.0
Earth Magic    | 1 2 3 4 5 6 7 |  7.0
Poison Magic   | 1 2 3 4 5 6 7 |  7.0
Axes           | 5 6 7 8 9 |  9.7
Fighting       | 7 8 9 10 | 10.7
Armour         | 7 8 9 10 | 10.7
Shields        | 7 8 9 10 | 10.7

Action                   |  1- 3 |  4- 6 |  7- 9 | 10-12 | 13-15 || total
-------------------------+-------+-------+-------+-------+-------++-------
Melee: War axe           |    69 |    82 |   398 |   641 |   221 ||  1411
       Bite              |    13 |     5 |    44 |   102 |    46 ||   210
       Whip              |       |       |       |    27 |    41 ||    68
 Cast: Vampiric Draining |       |       |       |       |     8 ||     8
       Confusing Touch   |       |       |       |       |     3 ||     3
Invok: Heroism           |       |       |       |     9 |     4 ||    13
       Finesse           |       |       |       |     5 |     4 ||     9
Evoke: Wand              |       |       |       |    13 |       ||    13
  Use: Potion            |       |     1 |     1 |     6 |     5 ||    13
       Scroll            |       |       |     3 |     7 |     6 ||    16
 Stab: Distracted        |       |       |     1 |       |       ||     1
       Petrified         |       |       |       |     5 |       ||     5
Armor: Scale mail        |    40 |    30 |   186 |    84 |       ||   340
       Plate armour      |       |       |       |   344 |   184 ||   528
Dodge: Dodged            |    31 |    33 |   200 |   323 |   129 ||   716
Block: Buckler           |    16 |    22 |   119 |   210 |    86 ||   453
